 Dungeon Crawl Stone Soup version 0.22.1-1-ga44c0e56f4 (webtiles) character file.

44 Artagas the Gusty (level 3, 0/19 HPs)
             Began as a Tengu Air Elementalist on Nov 2, 2018.
             Slain by a scorpion (8 damage)
             ... on level 2 of the Dungeon.
             The game lasted 00:03:28 (1883 turns).

Artagas the Gusty (Tengu Air Elementalist)          Turns: 1883, Time: 00:03:29

Health: 0/19       AC:  4    Str:  8    XL:     3   Next: 60%
Magic:  1/7        EV: 13    Int: 16    God:
Gold:   62         SH:  0    Dex: 14    Spells: 0/6 levels left

rFire    . . .     SeeInvis .   g - +0 dagger
rCold    . . .     Gourm    .   (no shield)
rNeg     . . .     Faith    .   a - +0 robe
rPois    .         Spirit   .   (helmet restricted)
rElec    .         Reflect  .   j - +1 cloak
rCorr    .         Harm     .   (no gloves)
MR       .....                  (boots unavailable)
Stlth    ++........             (no amulet)
HPRegen  0.06/turn              (no ring)
MPRegen  0.10/turn              (no ring)

@: very slightly contaminated
A: beak, talons 3
a: no special abilities


You were on level 2 of the Dungeon.
You were hungry.

You visited 1 branch of the dungeon, and saw 2 of its levels.

You collected 62 gold pieces.

Inventory:

Hand Weapons
 g - a +0 dagger (weapon)
   (You found it on level 2 of the Dungeon)
Armour
 a - a +0 robe (worn)
 j - a +1 cloak (worn)
   (You found it on level 1 of the Dungeon)
Jewellery
 d - an uncursed ring of fire {unknown}
   (You found it on level 1 of the Dungeon)
 m - an uncursed ring of poison resistance {unknown}
   (You found it on level 1 of the Dungeon)
Scrolls
 b - 2 scrolls of enchant weapon {unknown}
 f - a scroll of immolation {unknown}
 h - a scroll of identify {unknown}
 k - a scroll of enchant armour
 n - a scroll of fear {unknown}
 o - a scroll of fog {unknown}
 t - a scroll of teleportation
 w - a scroll of remove curse
Potions
 c - 3 potions of curing {unknown}
 i - a potion of invisibility {unknown}
 l - a potion of agility {unknown}
 p - a potion of haste {unknown}
 r - a potion of flight {unknown}
Comestibles
 e - 3 rations


   Skills:
 - Level 0.1 Fighting
 - Level 3.0 Dodging
 - Level 2.0 Stealth
 - Level 0.1 Unarmed Combat
 + Level 2.3 Spellcasting
 + Level 1.7 Conjurations
 + Level 4.9 Air Magic


You couldn't memorise any spells.
You knew the following spells:

 Your Spells              Type           Power        Failure   Level  Hunger
a - Shock                 Conj/Air       ##..         5%          1    #......
b - Static Discharge      Conj/Air       ##......     16%         3    ###....
c - Swiftness             Chrm/Air       #.......     11%         2    ###....

Your spell library contained the following spells:

 Spells                   Type           Power        Failure   Level  Hunger
 Airstrike                Air            ###.......   26%         4    #####..
 Lightning Bolt           Conj/Air       ##........   82%         5    ######.


Dungeon Overview and Level Annotations

Branches:
Dungeon (2/15)

Altars:


Innate Abilities, Weirdness & Mutations

You have a beak for a mouth.
You have claws for feet.


Message History

Some of the chunks of flesh in your inventory have rotted away.
An adder comes into view.
An adder is nearby!
An adder is nearby!
Casting: Shock (safe; 5% risk of failure)
Confirm with . or Enter, or press ? or * to list all spells.
Aiming: Shock (safe; 5% risk of failure)
Press: ? - help, Shift-Dir - straight line, f - adder
Aim: an adder (resting)
The zap hits the adder.
The adder is moderately wounded.
The adder hisses angrily.
Unknown command.
Casting: Shock (safe; 5% risk of failure)
Confirm with . or Enter, or press ? or * to list all spells.
Aiming: Shock (safe; 5% risk of failure)
Press: ? - help, Shift-Dir - straight line, f/p - adder
Aim: an adder (moderately wounded) That beam is likely to hit you.
Continue anyway?
Okay, then.
Casting: Shock (safe; 5% risk of failure)
Confirm with . or Enter, or press ? or * to list all spells.
The adder is struck by lightning.
The adder is heavily wounded.
The lightning arcs!
You are struck by lightning.
The lightning grounds out.
The adder bites you.
Casting: Static Discharge (safe; 16% risk of failure)
Confirm with . or Enter, or press ? or * to list all spells.
The adder is struck by lightning.
You kill the adder!
Training target 3.0 for Dodging reached!
Your Dodging skill increases to level 3!
The lightning arcs!
You are struck by lightning.
The lightning grounds out.
Eating a chunk of flesh.
You eat the chunk of flesh.
This raw flesh tastes terrible.
Found 19 stones.
You now have 50 gold pieces (gained 10).
q - 2 scrolls labeled YPSALATSOZ (gained 1)
Found a helmet.
You see here a helmet.
You open the door.
There is an open door here.
Found 28 stones.
Found a stone staircase leading up.
Search for what [? for help]? .
Search for what [Enter for "."]? ..
You see here a dagger.
g - a dagger Wield which item (- for none, * to show all)? (? for menu, Esc to quit)
g - a +0 dagger (weapon)
As you read the scroll labeled PUMYHI EVOU, it crumbles to dust.
You feel strangely unstable.
It was a scroll of teleportation.
t - a scroll of teleportation
As you read the scroll labeled BEURED UMEE, it crumbles to dust.
It is a scroll of enchant armour.
Your +0 cloak glows green for a moment.
As you read the scroll labeled YPSALATSOZ, it crumbles to dust.
You feel blessed for a moment.
It was a scroll of remove curse.
w - a scroll of remove curse Your surroundings suddenly seem different.
Okay, then.
You now have 62 gold pieces (gained 12).
c - 3 white potions (gained 1)
Found 14 sling bullets.
Found 31 stones.
You see here 14 sling bullets.
Found a stone staircase leading up.
b - 2 scrolls labeled GUISOPPO LIGGA A scorpion comes into view.
A scorpion is nearby!
A scorpion is nearby!
A scorpion is nearby!
Casting: Static Discharge (safe; 16% risk of failure)
Confirm with . or Enter, or press ? or * to list all spells.
Aiming: Shock (safe; 5% risk of failure)
Press: ? - help, Shift-Dir - straight line, f - scorpion
Aim: a scorpion The zap hits the scorpion.
The scorpion is moderately wounded.
You are feeling hungry.
Casting: Shock (safe; 5% risk of failure)
Confirm with . or Enter, or press ? or * to list all spells.
The scorpion is struck by lightning.
The scorpion is moderately wounded.
The lightning arcs!
You are struck by lightning.
The lightning grounds out.
The scorpion closely misses you.
Casting: Static Discharge (safe; 16% risk of failure)
Confirm with . or Enter, or press ? or * to list all spells.
The scorpion is struck by lightning.
The scorpion is heavily wounded.
The lightning arcs!
You are struck by lightning.
The lightning grounds out.
The scorpion stings you!
Okay, then.
The scorpion closely misses you.
Casting: Static Discharge (safe; 16% risk of failure)
Confirm with . or Enter, or press ? or * to list all spells.
You miscast Swiftness.
You are very lightly contaminated with residual magic.
Nothing appears to happen.
The scorpion stings you!
You die...

######.#.##.#####.#
#.#.##..#.....
.########
#.#.###.#.....
........# #.#.#
#.#<.... ........#
#.#.# #.#.....
........######.#.#
#...##.#
...............#.#
##..##.#
........########.#
#..##.#
#.........@s.....#
#..##.#
#........######.(#
#..##.# ###(####.#
#..# #..##.. ...
#...<..#..# #..##..
.. ...
########..#####.##..
#.## ..
#............##..#..
...#
#.######...#.##..#.#
...+ #.#
.....#.#.##..#.#
...#
#.#...##.#.#.##.....


You could see a scorpion.

Vanquished Creatures
  An adder (D:2)
  An ooze (D:1)
  A dart slug (D:2)
  A leopard gecko (D:1)
  A giant cockroach (D:1)
  3 goblins (D:1)
  3 hobgoblins (D:1)
  4 jackals (D:1)
  3 bats (D:1)
  5 frilled lizards
  A kobold (D:1)
  6 rats (D:1)
30 creatures vanquished.

Notes
Turn   | Place    | Note
-------+----------+-------------------------------------------
     0 | D:1      | Artagas the Tengu Air Elementalist began the quest for the
                  | Orb.
     0 | D:1      | Reached XP level 1. HP: 10/10 MP: 4/4
    36 | D:1      | Reached XP level 2. HP: 15/15 MP: 0/6
   578 | D:1      | Reached XP level 3. HP: 11/19 MP: 7/7
  1315 | D:1      | Learned a level 3 spell: Static Discharge
  1318 | D:1      | Learned a level 2 spell: Swiftness
  1475 | D:2      | Reached skill level 3 in Dodging
  1844 | D:2      | Noticed a scorpion
  1883 | D:2      | Slain by a scorpion

Skill      XL: |  1  2  3 |
---------------+----------+-----
Dodging        | 3 |  3.0
Fighting       | |  0.1
Stealth        | |  2.0
Unarmed Combat | |  0.1
Spellcasting   | |  2.3
Conjurations   | |  1.7
Air Magic      | |  4.9

Action                   || total
-------------------------++-------
Melee: Unarmed           ||   102
       Peck              ||     8
       Kick              ||    18
 Cast: Shock             ||    20
       Static Discharge  ||     4
  Use: Scroll            ||     3
 Stab: Sleeping          ||     2
  Eat: Chunk             ||     3
Armor: Robe              ||    19
Dodge: Dodged            ||    74

Vault maps used:
D:1:      saegor_arrival_simple_b, minmay_pentomino_r4

Table legend:
 A = Turns spent in this place as a percentage of turns spent in the entire game.
 B = Non-inter-level travel turns spent in this place as a percentage of non-inter-level travel turns spent in the entire game.
 C = Inter-level travel turns spent in this place as a percentage of turns spent in this place.
 D = Turns resting spent in this place as a percentage of non-inter-level travel turns spent in this place.
 E = Turns spent auto-exploring this place as a percentage of non-inter-level travel turns spent in this place.
 F = Non-inter-level travel turns spent in this place divided by the number of levels of this place that you've seen.
                   A       B       C       D       E      F
               +-------+-------+-------+-------+-------+----------------------
         Total | 100.0 | 100.0 |   3.3 |   0.0 |  84.3 | 910.5
       Dungeon | 100.0 | 100.0 |   3.3 |   0.0 |  84.3 | 910.5
               +-------+-------+-------+-------+-------+----------------------

Table legend:
 A = Kills in this place as a percentage of kills in entire the game.
 B = Kills by you in this place as a percentage of kills by you in the entire game.
 C = Kills by friends in this place as a percentage of kills by friends in the entire game.
 D = Other kills in this place as a percentage of other kills in the entire game.
 E = Experience gained in this place as a percentage of experience gained in the entire game.
 F = Experience gained in this place divided by the number of levels of this place that you have seen.
                   A       B       C       D       E      F
               +-------+-------+-------+-------+-------+----------------------
         Total | 100.0 | 100.0 |   N/A |   N/A | 100.0 |  31.5
       Dungeon | 100.0 | 100.0 |   N/A |   N/A | 100.0 |  31.5
               +-------+-------+-------+-------+-------+----------------------
